 Dungeon Crawl Stone Soup version 0.20-a0-540-ge6d1839 (webtiles) character file.

377007 Messajah the Minotaur Blade (level 21, -7/209 HPs)
             Began as a Minotaur Berserker on Jan 29, 2017.
             Was an Elder of Trog.
             Killed from afar by a fire giant (23 damage)
             ... with a fireball
             ... on level 5 of the Vaults.
             The game lasted 05:04:59 (55736 turns).

Messajah the Minotaur Blade (Minotaur Berserker)   Turns: 55736, Time: 05:04:59

Health: -7/209     AC: 41    Str: 23    XL:     21   Next: 81%
Magic:  20/20      EV: 23    Int:  4    God:    Trog [****..]
Gold:   3215       SH:  0    Dex: 25    Spells: 20/20 levels left

rFire    . . .     SeeInvis +   J - +11 plutonium sword {*Contam Stlth-}
rCold    . . .     Gourm    +   F - +6 plate armour of Beauty {rPois SInv}
rNeg     . . .     Faith    .   (shield currently unavailable)
rPois    +         Spirit   .   M - +2 hat {MR+}
rElec    .         Reflect  .   s - +3 cloak of Democracy {SInv}
rCorr    .         Harm     .   a - +1 pair of gloves
MR       +++..                  o - +1 pair of boots
Stlth    ..........             c - amulet of the gourmand
Regen    0.5/turn               u - +4 ring of dexterity
                                Q - ring of protection from magic

@: no status effects
A: retaliatory headbutt, horns 2, iridescent scales 1, thin skeletal structure
1, subdued magic 1
}: 2/15 runes: decaying, serpentine
a: Berserk, Trog's Hand, Brothers in Arms, Burn Spellbooks, Renounce Religion


You were on level 5 of the Vaults.
You worshipped Trog.
Trog was greatly pleased with you.
You were full.

You visited 6 branches of the dungeon, and saw 36 of its levels.
You also visited: Ice Cave and Desolation.

You collected 3754 gold pieces.
You spent 539 gold pieces at shops.

Inventory:

Hand Weapons
 w - the +7 great sword of Wounding {protect, *Corrode +Inv rElec}
   (Trog gifted it to you on level 3 of the Vaults)

   It protects the one who uses it against injury (+AC on strike).
   It insulates you from electricity.
   It lets you turn invisible.
   It may corrode you when you take damage.
 J - the +11 plutonium sword (weapon) {*Contam Stlth-}
   (Trog gifted it to you on level 2 of the Snake Pit)

   It causes magical contamination when unequipped.
   It makes you less stealthy.
 P - the +7 great sword "Kuryfapnov" {flame, *Corrode rC++ Str+3}
   (Trog gifted it to you on level 1 of the Orcish Mines)

   It has been specially enchanted to burn those struck by it, causing extra
   injury to most foes and up to half again as much damage against particularly
   susceptible opponents.
   Big, fiery blades are also staple armaments of hydra-hunters.
   It affects your strength (+3).
   It greatly protects you from cold.
   It may corrode you when you take damage.
Missiles
 I - 6 poisoned javelins (quivered)
 S - 3 throwing nets
Armour
 a - a +1 pair of gloves (worn)
 m - the +4 steam dragon scales of the Dwarven Hall {-Tele rElec rPois MP-9}
   (You found it in the Desolation of Salt)

   It insulates you from electricity.
   It protects you from poison.
   It affects your magic capacity (-9).
   It prevents most forms of teleportation.
 o - a +1 pair of boots (worn)
 s - the +3 cloak of Democracy (worn) {SInv}
   (You found it on level 3 of the Vaults)

   It lets you see invisible.
 F - the +6 plate armour of Beauty (worn) {rPois SInv}
   (You found it on level 4 of the Lair of Beasts)

   It protects you from poison.
   It lets you see invisible.
 K - the +0 hat "Riligoro" {rN+ Int+4}
   (You acquired it on level 3 of the Swamp)

   It affects your intelligence (+4).
   It protects you from negative energy.
 M - a +2 hat of magic resistance (worn)
 R - a +2 plate armour of positive energy
 X - +0 fire dragon scales
Jewellery
 b - the ring of Yttif {rPois Dex+2}
   (You took it off a ragged hierophant in the Desolation of Salt)

   [ring of dexterity]

   It affects your dexterity (+2).
   It protects you from poison.
 c - an amulet of the gourmand (around neck)
 f - an uncursed ring of fire
 g - an uncursed ring of protection from fire
 n - an uncursed ring of resist corrosion
 u - a +4 ring of dexterity (right hand)
 v - a +5 ring of strength
 x - an uncursed ring of flight
 y - the amulet of the Swan {Faith +Blink rC+ Dex+2}
   (You found it in the Desolation of Salt)

   [amulet of faith]

   It allows you to gain divine favour quickly.
   It affects your dexterity (+2).
   It protects you from cold.
   It lets you blink.
 E - an uncursed ring of protection from cold
 N - the ring "Lamnupp" {rCorr rPois rC+ Str-5 Slay+3}
   (You found it in the Desolation of Salt)

   [ring of resist corrosion]

   It affects your strength (-5).
   It affects your accuracy and damage with ranged weapons and melee attacks
   (+3).
   It protects you from cold.
   It protects you from poison.
 O - an uncursed ring of protection from magic
 Q - a ring of protection from magic (left hand)
 V - an uncursed ring of stealth {unknown}
 Y - an uncursed ring of protection from fire
Wands
 h - a wand of enslavement (9/24)
 t - a wand of scattershot (6/9)
 B - a wand of polymorph (12/24)
 C - a wand of digging (11/24)
 D - a wand of flame (31/48)
 T - a wand of confusion (12/48)
 U - a wand of polymorph (4/24)
 Z - a wand of disintegration (12/24)
Scrolls
 d - 7 scrolls of remove curse
 i - 6 scrolls of enchant weapon
 j - 10 scrolls of recharging
 k - 3 scrolls of enchant armour
 l - a scroll of magic mapping
 p - 4 scrolls of fear
 r - 16 scrolls of teleportation
 z - 2 scrolls of identify
 L - 4 scrolls of blinking
 W - 2 scrolls of brand weapon
Potions
 e - a potion of haste
 q - 2 potions of cancellation
 A - 9 potions of curing
 G - 6 potions of might
 H - 7 potions of agility


   Skills:
 + Level 22.7 Fighting
 - Level 24.0 Long Blades
 - Level 22.0 Armour
 - Level 19.0 Dodging


You had 20 spell levels left.
You didn't know any spells.

Dungeon Overview and Level Annotations

Branches:
Dungeon (15/15)            Temple (0/1) D:4            Lair (6/6) D:9
  Swamp (4/4) Lair:3        Snake (4/4) Lair:4        Slime (0/5) Lair:6
    Orc (2/2) D:9             Elf (0/3) Orc:2        Vaults (5/5) D:14
  Crypt (0/3) Vaults:3     Depths (0/5) D:15

Altars:
Ashenzari
Dithmenos
Elyvilon
Fedhas
Kikubaaqudgha
Nemelex Xobeh
Okawaru
Vehumet
Yredelemnul
The Shining One
Beogh
Jiyva

Shops:
D:8 ?   D:10 :   D:11 %   D:13 ((   Orc:2 [?((   Snake:3 *%(?   Vaults:1 }
Vaults:4 }**


Innate Abilities, Weirdness & Mutations

You reflexively headbutt those who attack you in melee.
You have a pair of horns on your head.
You are partially covered in iridescent scales. (AC +2)
You have a somewhat thin skeletal structure. (Dex +2, Stealth)
Your spells are a little easier to cast, but a little less powerful.


Message History

This raw flesh tastes great.
You aren't carrying any food.
You aren't carrying any food.
Okay, then.
You start resting.
You feel less exhausted.
Okay, then.
The fire giant points at you and mumbles some strange words.
The fireball explodes!
The fireball engulfs you!
* * * LOW HITPOINT WARNING * * *
You hear a shout! x3
The fire giant points at you and mumbles some strange words.
The fireball explodes!
The fireball engulfs you!
* * * LOW HITPOINT WARNING * * *
A yaktaur comes into view.
The yaktaur wields an arbalest.
The yaktaur shoots a bolt.
The bolt hits you but does no damage.
The fire giant points at you and mumbles some strange words.
The fireball explodes!
The fireball engulfs you!
You die...

*****#########################***
,,,,,...........@.............,,,
,,,,,............)C...c.......,,,
,****###################......,,*
,,,*,*,*,*,*,*,*,,,*,*,,......,,,
,*,*,*,*,*,*,*,*,*,*,*,,,#....*,,
,*,*,*,,,*,,,*,*,*,,,*,*,*....*,,
,*,,,*,*,*,*,*,*,*,*,*,*,*,...*,,
,*,*,*,*,,,*,*,,,*,*,,,*,*,,..*,,
,*,*,,,*,*,*,*,*,*,*,*,*,*,,,,*,,


You could see a fire giant and a yaktaur.

Vanquished Creatures
  Frederick (Vaults:2)
  Vashnia (Snake:2)
  A tentacled monstrosity (Vaults:5)
  A doom hound (Vaults:5)
  3 quicksilver dragons (Vaults:5)
  4 titans (Vaults:5)
  Gastronok (D:8)
  A sphinx (Vaults:5)
  The ghost of Klosterheim the Fighter, an adept OgMo of Okawaru (Swamp:2)
  4 shadow dragons (Vaults:5)
  4 thorn hunters
  Kirke (Swamp:3)
  Donald (Snake:3)
  4 tengu reavers (Vaults:5)
  The ghost of tsouns the Unseen, an adept OpVM of Sif Muna (Snake:3)
  An iron dragon (Vaults:5)
  6 nagarajas
  3 fire giants
  A frost giant (Vaults:5)
  Louise (Swamp:3)
  Aizul (Snake:1)
  2 azure jellies
  14 vault wardens
  An orc warlord (Vaults:5)
  3 ironheart preservers
  2 imperial myrmidons (Desolation)
  9 stone giants
  An entropy weaver (Vaults:5)
  3 war gargoyles (Vaults:5)
  A deep elf demonologist (Vaults:4)
  2 dire elephants
  A deep elf annihilator (Vaults:5)
  A halazid warlock (Desolation)
  The ghost of HEYYEYAAE the Bludgeoner, a journeyman TrBe of Trog (D:12)
  Josephine (D:12)
  3 ettins
  A deep elf death mage (Vaults:5)
  A fire dragon (Vaults:1)
  5 ragged hierophants (Desolation)
  4 crystal guardians (Desolation)
  2 deep elf high priests (Vaults:5)
  33 vault guards
  6 yaktaur captains
  27 hydras
  2 ghost crabs
  4 great orbs of eyes
  6 naga warriors
  3 catoblepae
  8 servants of whispers
  5 ice dragons
  Erolcha (D:10)
  6 anacondas
  26 two-headed ogres
  9 peacekeepers (Desolation)
  A queen ant (Vaults:5)
  8 centaur warriors
  4 dancing weapons
  A death knight (Vaults:4)
  Erica (Lair:1)
  A tengu warrior (D:14)
  A titan zombie (Vaults:4)
  5 ogre magi
  A deep troll earth mage (D:15)
  3 alligators
  11 death yaks
  A deep troll shaman (Vaults:4)
  Urug (D:14)
  9 naga sharpshooters
  Sonja (D:11)
  2 deep elf knights
  7 shock serpents
  2 death drakes
  4 sea snakes (Snake:2)
  A salamander mystic (Snake:4)
  4 unseen horrors
  A shadow wraith (Vaults:3)
  A glowing orange brain (Vaults:5)
  A flayed ghost (Vaults:2)
  12 swamp dragons
  12 deep trolls
  2 phantasmal warriors (Vaults:5)
  A spriggan druid (Swamp:4)
  3 wizards
  3 naga ritualists (Snake:4)
  A lindwurm (shapeshifter) (Vaults:1)
  3 shambling mangroves (Swamp:4)
  8 mana vipers
  26 ironbrand convokers
  2 deep elf archers
  A wolf spider zombie (D:15)
  A necromancer (Vaults:4)
  Pikel (D:7)
  8 harpies
  20 orc knights
  6 orc sorcerers
  18 ugly things
  A wolf spider (shapeshifter) (Vaults:5)
  A shining eye (Vaults:3)
  6 cyclopes
  An orb spider (Snake:4)
  6 wolf spiders
  6 salamanders
  5 manticores
  5 elephants
  4 deep elf magi
  A moth of wrath (shapeshifter) (Vaults:4)
  An ice statue (IceCv)
  Maurice (D:8)
  25 black mambas
  6 guardian serpents
  19 vault sentinels
  4 molten gargoyles
  17 naga magi
  Joseph (D:8)
  A guardian serpent (shapeshifter) (Vaults:4)
  2 water nymphs
  3 torpor snails
  3 rime drakes
  22 spiny frogs
  24 yaktaurs
  11 komodo dragons
  A kobold demonologist (D:13)
  3 gargoyles
  A komodo dragon (shapeshifter) (Vaults:1)
  11 freezing wraiths
  A redback zombie (D:15)
  A golden dragon simulacrum (Vaults:4)
  An elf skeleton (Vaults:4)
  A wind drake (Vaults:4)
  A merfolk (Snake:4)
  A human skeleton (Vaults:4)
  8 tyrant leeches
  A tengu conjurer (D:14)
  A jumping spider (shapeshifter) (Vaults:1)
  16 hornets
  A meliai (shapeshifter) (Vaults:1)
  6 trolls
  The ghost of Rhoefr the Sneak, an amateur OpEE (D:4)
  10 hippogriffs
  14 slime creatures
  3 bog bodies
  53 saltlings
  15 blink frogs
  A shapeshifter (Vaults:4)
  10 dream sheep (Lair:6)
  3 shadows
  9 spriggans
  3 basilisks
  2 redbacks
  2 wyverns
  A hog (Swamp:3)
  Grum (D:9)
  29 yaks
  8 wraiths
  3 hungry ghosts
  2 steam dragons
  16 vampire mosquitoes
  18 swamp worms
  54 nagas
  10 wargs
  13 water moccasins
  Duvessa (D:7)
  7 porcupines
  A floating eye (shapeshifter) (Vaults:4)
  64 orc warriors
  A meliai simulacrum (D:15)
  17 swamp drakes
  10 ice beasts
  A slave (D:7)
  7 phantoms
  2 sky beasts (D:6)
  A black bear (shapeshifter) (D:13)
  2 necrophages
  4 black bears
  15 ogres
  18 wolves
  3 boggarts (Vaults:3)
  17 centaurs
  10 crocodiles
  A big kobold (D:9)
  A bullfrog (shapeshifter) (Vaults:5)
  17 bullfrogs
  2 gnoll sergeants
  An ogre simulacrum (Vaults:1)
  A wyvern zombie (D:14)
  Dowan (D:7)
  5 scorpions
  16 killer bees
  3 troll zombies (D:9)
  5 wights (D:15)
  2 electric eels
  2 centaur zombies
  4 lava snakes (Lair:5)
  6 crimson imps
  A bullfrog zombie (D:10)
  5 hounds
  A quasit (D:12)
  5 jellies
  2 bullfrog skeletons
  33 orc priests
  4 centaur skeletons
  34 orc wizards
  3 iguanas
  7 worker ants
  A killer bee zombie (D:9)
  3 ogre zombies (D:9)
  A hound zombie (D:10)
  2 human simulacra (D:14)
  2 hound skeletons
  A howler monkey zombie (D:9)
  2 worker ant zombies
  13 gnolls
  14 adders
  A shadow imp (D:5)
  An adder zombie (D:5)
  3 worms
  A dart slug (D:1)
  5 leopard geckos
  135 orcs
  7 bats
  A giant cockroach (shapeshifter) (Vaults:5)
  5 giant cockroaches
  12 hobgoblins
  2 jackals (D:2)
  9 kobolds
  2 quokkas
  6 frilled lizards
  5 goblins
  4 goblin zombies (D:9)
  2 hobgoblin zombies (D:9)
  A leopard gecko zombie (D:3)
  An orc skeleton (D:9)
  12 orc zombies (D:9)
  3 rats
  4 briar patches
  8 plants
1560 creatures vanquished.

Vanquished Creatures (collateral kills)
  Bai Suzhen (Vaults:2)
  the Lernaean hydra (Swamp:4)
  Nikola (Swamp:3)
  A golden dragon (Vaults:5)
  Jory (Vaults:2)
  2 nagarajas (Snake:4)
  A frost giant (Vaults:3)
  An orc warlord (Orc:2)
  2 vault wardens
  3 ironheart preservers
  A stone giant (Vaults:5)
  A deep elf annihilator (Vaults:5)
  2 ettins (Vaults:5)
  A deep elf death mage (Vaults:5)
  A ragged hierophant (Desolation)
  A great orb of eyes (Swamp:4)
  An ice dragon (Vaults:3)
  2 vault guards
  A centaur warrior (Vaults:4)
  3 naga warriors (Snake:4)
  5 hydras
  A catoblepas (Lair:6)
  2 alligators (Swamp:4)
  An ogre mage (Vaults:4)
  2 two-headed ogres (Vaults:4)
  An orc high priest (Orc:2)
  3 naga sharpshooters
  A salamander mystic (Snake:4)
  A wizard (Vaults:2)
  A flayed ghost (Vaults:4)
  2 naga ritualists
  A swamp dragon (Swamp:4)
  2 glowing orange brains (Vaults:3)
  2 ironbrand convokers
  2 orc sorcerers
  A salamander (Snake:4)
  An ice statue (IceCv)
  A wolf spider (Vaults:3)
  2 ugly things (IceCv)
  3 black mambas
  7 naga magi (Snake:4)
  A spiny frog (Lair:6)
  A torpor snail (Lair:6)
  A freezing wraith (Vaults:4)
  3 yaktaurs
  A komodo dragon (Lair:6)
  A polar bear (shapeshifter) (Vaults:2)
  2 saltlings (Desolation)
  2 slime creatures (Swamp:4)
  A wraith (Vaults:4)
  A basilisk (Lair:5)
  14 nagas
  A soldier ant (shapeshifter) (Vaults:1)
  3 ice beasts (IceCv)
  5 orc warriors
  An ogre (Vaults:4)
  2 orcs (Orc:2)
110 creatures vanquished.

Vanquished Creatures (others)
  A hydra (D:13)
  A mana viper (Snake:2)
  A black mamba (Lair:6)
  An elephant (Lair:6)
  A hippogriff (Lair:3)
  2 blink frogs
  6 humans (Swamp:3)
  A warg (Orc:2)
  An ogre (Orc:1)
  A lava snake (Lair:5)
  3 orc priests
  12 fungi
  9 plants
  5 toadstools (D:1)
45 creatures vanquished.

Grand Total: 1715 creatures vanquished

Notes
Turn   | Place    | Note
-------+----------+-------------------------------------------
     0 | D:1      | Messajah the Minotaur Berserker began the quest for the Orb.
     0 | D:1      | Reached XP level 1. HP: 19/19 MP: 0/0
    86 | D:1      | Reached skill level 4 in Long Blades
   112 | D:1      | Reached XP level 2. HP: 24/26 MP: 1/1
   463 | D:2      | Reached skill level 5 in Long Blades
   692 | D:2      | Reached XP level 3. HP: 31/31 MP: 2/2
   823 | D:2      | Reached ** piety under Trog
  1210 | D:3      | Reached XP level 4. HP: 39/39 MP: 3/3
  1211 | D:3      | Reached skill level 6 in Long Blades
  1346 | D:3      | Found a sparkling altar of Nemelex Xobeh.
  1412 | D:3      | Found a glowing golden altar of the Shining One.
  2010 | D:4      | Reached skill level 7 in Long Blades
  2010 | D:4      | Reached XP level 5. HP: 32/45 MP: 4/4
  2025 | D:4      | Noticed Rhoefr's ghost (amateur OpEE)
  2032 | D:4      | Killed Rhoefr's ghost
  2032 | D:4      | Reached skill level 8 in Long Blades
  2032 | D:4      | Reached XP level 6. HP: 51/51 MP: 5/5
  2054 | D:4      | Reached skill level 9 in Long Blades
  2316 | D:4      | Found a basalt altar of Yredelemnul.
  2318 | D:4      | Found a shadowy altar of Dithmenos.
  2362 | D:4      | Reached *** piety under Trog
  2502 | D:4      | Found a staircase to the Ecumenical Temple.
  2509 | D:4      | Reached XP level 7. HP: 54/57 MP: 6/6
  2886 | D:5      | Entered Level 5 of the Dungeon
  2892 | D:5      | Reached skill level 10 in Long Blades
  3004 | D:5      | Found a shattered altar of Ashenzari.
  3513 | D:5      | Reached skill level 5 in Armour
  4067 | D:6      | HP: 1/57 [centaur/arrow (2)]
  4462 | D:6      | Reached XP level 8. HP: 45/64 MP: 7/7
  5407 | D:7      | Noticed Pikel
  5417 | D:7      | Killed Pikel
  5417 | D:7      | Reached skill level 10 in Armour
  5601 | D:7      | Reached XP level 9. HP: 11/70 MP: 8/8
  6290 | D:7      | Reached **** piety under Trog
  6438 | D:7      | Noticed Duvessa
  6438 | D:7      | Noticed Dowan
  6447 | D:7      | Killed Duvessa
  6447 | D:7      | Reached skill level 5 in Fighting
  6458 | D:7      | Killed Dowan
  6878 | D:8      | Noticed a two-headed ogre
  6887 | D:8      | Killed a two-headed ogre
  7109 | D:8      | Found Fayst's Magic Scroll Emporium.
  7109 | D:8      | Noticed a two-headed ogre
  7127 | D:8      | HP: 2/83 [two-headed ogre/giant club (4)]
  7129 | D:8      | Killed a two-headed ogre
  7129 | D:8      | Reached skill level 10 in Fighting
  7129 | D:8      | Reached XP level 10. HP: 2/94 MP: 9/9
  7133 | D:8      | HP: 1/94 [poisoned by a killer bee]
  7486 | D:8      | Bought a scroll of identify for 24 gold pieces
  7486 | D:8      | Bought a scroll of identify for 24 gold pieces
  7486 | D:8      | Bought a scroll of identify for 24 gold pieces
  7490 | D:8      | Bought a scroll of enchant weapon for 90 gold pieces
  7564 | D:8      | Noticed Gastronok
  7613 | D:9      | Found a white marble altar of Elyvilon.
  7980 | D:9      | Found a staircase to the Orcish Mines.
  8246 | D:9      | Found an iron altar of Okawaru.
  8248 | D:9      | Found a radiant altar of Vehumet.
  8282 | D:9      | Noticed a cyclops
  8291 | D:10     | Entered Level 10 of the Dungeon
  8373 | D:10     | Got a jewelled scale mail
  8395 | D:10     | Identified the cursed +0 scale mail of Pacsaema {Str-4 Int+6 Stlth+} (You found it on level 10 of the Dungeon)
  8433 | D:10     | Noticed a two-headed ogre
  8447 | D:10     | Killed a two-headed ogre
  8688 | D:10     | Reached ***** piety under Trog
  8690 | D:10     | Received a gift from Trog
  8738 | D:10     | Found a blossoming altar of Fedhas.
  8991 | D:10     | Found Keuvicsa's Book Shop.
  9100 | D:10     | Noticed a gargoyle
  9109 | D:10     | Killed a gargoyle
  9372 | D:10     | Noticed Erolcha
  9575 | D:11     | Found Vudyn's Food Boutique.
  9711 | D:10     | Reached XP level 11. HP: 102/102 MP: 10/10
  9810 | D:9      | Reached skill level 11 in Long Blades
  9957 | D:9      | Found a staircase to the Lair.
 10658 | D:9      | Noticed Grum
 10677 | D:9      | Killed Grum
 10729 | D:9      | Found an ancient bone altar of Kikubaaqudgha.
 10921 | Lair:1   | Entered Level 1 of the Lair of Beasts
 11151 | Lair:1   | Reached skill level 12 in Long Blades
 11956 | Lair:1   | Noticed Erica
 11963 | Lair:1   | Killed Erica
 11963 | Lair:1   | Reached skill level 13 in Long Blades
 12692 | Lair:2   | Reached skill level 14 in Long Blades
 13040 | Lair:2   | Reached XP level 12. HP: 108/110 MP: 9/11
 13773 | Lair:3   | Noticed an eight-headed hydra
 13779 | Lair:3   | Killed a six-headed hydra
 14456 | Lair:3   | Noticed a death yak
 14457 | Lair:3   | Noticed a death yak
 14470 | Lair:3   | Killed a death yak
 14470 | Lair:3   | Reached skill level 15 in Long Blades
 14472 | Lair:3   | Killed a death yak
 14974 | Lair:3   | Found a staircase to the Swamp.
 15398 | Lair:3   | Received a gift from Trog
 15766 | Lair:4   | Reached skill level 16 in Long Blades
 16034 | Lair:4   | Found a staircase to the Snake Pit.
 16539 | Lair:4   | Reached skill level 17 in Long Blades
 16631 | Lair:4   | Got a steaming plate armour
 16637 | Lair:4   | Identified the +6 plate armour of Beauty {rPois SInv} (You found it on level 4 of the Lair of Beasts)
 16694 | Lair:4   | Noticed a death yak
 16695 | Lair:4   | Noticed a death yak
 16723 | Lair:4   | Noticed a death yak
 16728 | Lair:4   | Killed a death yak
 16729 | Lair:4   | Killed a death yak
 16729 | Lair:4   | Reached XP level 13. HP: 111/118 MP: 12/12
 17983 | Lair:5   | Reached skill level 18 in Long Blades
 18936 | Lair:6   | Entered Level 6 of the Lair of Beasts
 18971 | Lair:6   | Received a gift from Trog
 19093 | Lair:6   | Reached skill level 10 in Dodging
 19521 | Lair:6   | Found a runed door.
 19526 | Lair:6   | Found a viscous altar of Jiyva.
 19526 | Lair:6   | Found a staircase to the Slime Pits.
 19526 | Lair:6   | Noticed an azure jelly
 19549 | Lair:6   | Killed an azure jelly
 19745 | Lair:6   | Reached XP level 14. HP: 54/129 MP: 5/13
 21752 | D:10     | Killed Erolcha
 21866 | D:8      | Killed Gastronok
 22111 | D:8      | Noticed Joseph
 22336 | D:8      | Killed Joseph
 22695 | D:8      | Noticed Maurice
 23018 | D:8      | Killed Maurice
 23111 | Orc:1    | Entered Level 1 of the Orcish Mines
 23254 | Orc:1    | Received a gift from Trog
 23541 | Orc:1    | Got a twisted great sword {god gift}
 23869 | Orc:2    | Entered Level 2 of the Orcish Mines
 23869 | Orc:2    | Found a staircase to the Elven Halls.
 24117 | Orc:2    | Found a roughly hewn altar of Beogh.
 24118 | Orc:2    | Found Zoos's Weapon Shoppe.
 24242 | Orc:2    | Found a roughly hewn altar of Beogh.
 24283 | Orc:2    | Noticed an orc warlord
 24301 | Orc:2    | Banished an orc warlord
 24355 | Orc:2    | Found a roughly hewn altar of Beogh.
 24423 | Orc:2    | Found a roughly hewn altar of Beogh.
 24505 | Orc:2    | Received a gift from Trog
 24666 | Orc:2    | Noticed an orc warlord
 24669 | Orc:2    | Found Waapesch's Antique Weapon Boutique.
 24669 | Orc:2    | Found a roughly hewn altar of Beogh.
 24672 | Orc:2    | Killed an orc warlord
 24673 | Orc:2    | Found Rextet's Antique Armour Shop.
 24870 | Orc:2    | Found a roughly hewn altar of Beogh.
 24887 | Orc:2    | Found Hemaw's Magic Scroll Shop.
 24892 | Orc:2    | Bought a scroll of identify for 30 gold pieces
 24893 | Orc:2    | Bought a scroll of enchant armour for 112 gold pieces
 24893 | Orc:2    | Bought a scroll of remove curse for 45 gold pieces
 25010 | Orc:2    | Found a roughly hewn altar of Beogh.
 25018 | Orc:2    | Reached skill level 15 in Fighting
 25161 | Lair:4   | Identified the +7 great sword "Kuryfapnov" {flame, *Corrode rC++ Str+3} (Trog gifted it to you on level 1 of the Orcish Mines)
 25169 | Snake:1  | Entered Level 1 of the Snake Pit
 25259 | Snake:1  | Noticed Aizul
 25269 | Snake:1  | Killed Aizul
 25796 | Snake:1  | You fall through a shaft!
 26477 | Snake:2  | Reached XP level 15. HP: 137/141 MP: 12/14
 26732 | Snake:2  | Reached skill level 15 in Armour
 26902 | Snake:2  | Noticed Vashnia
 27648 | Snake:2  | Killed Vashnia
 27991 | Snake:2  | Received a gift from Trog
 28048 | Snake:2  | Noticed a nagaraja
 28054 | Snake:2  | Killed a nagaraja
 29194 | Snake:3  | Found Hailixi's Magic Scroll Shop.
 29198 | Snake:3  | Bought a scroll of identify for 34 gold pieces
 29198 | Snake:3  | Bought a scroll of identify for 34 gold pieces
 29247 | Snake:3  | Found Zourgh's Food Emporium.
 29335 | Snake:3  | Noticed Donald
 29346 | Snake:3  | Killed Donald
 29414 | Snake:3  | Found Geri's Assorted Antiques.
 29419 | Snake:3  | Bought a scroll of identify for 76 gold pieces
 29517 | Snake:3  | Found an ancient bone altar of Kikubaaqudgha.
 29712 | Snake:3  | Noticed tsouns's ghost (adept OpVM)
 29720 | Snake:3  | Killed tsouns's ghost
 29983 | Snake:3  | Found Dap Coxkayt's Weapon Shoppe.
 30225 | Snake:4  | Entered Level 4 of the Snake Pit
 30240 | Snake:4  | Reached skill level 19 in Long Blades
 30904 | Snake:4  | Noticed a nagaraja
 30917 | Snake:4  | Killed a nagaraja
 30917 | Snake:4  | Reached XP level 16. HP: 70/149 MP: 10/15
 31311 | Snake:4  | Received a gift from Trog
 32070 | Snake:4  | Reached skill level 20 in Long Blades
 32368 | Snake:4  | Got a serpentine rune of Zot
 32781 | Snake:4  | Received a gift from Trog
 33068 | Snake:4  | Gained mutation: Scrolls take you a little longer to read. [mutagenic meat]
 33069 | Snake:4  | Gained mutation: Potions are less effective at restoring your health. [mutagenic meat]
 33070 | Snake:4  | Lost mutation: Scrolls take you a little longer to read. [potion of cure mutation]
 33070 | Snake:4  | Lost mutation: Potions are less effective at restoring your health. [potion of cure mutation]
 33071 | Snake:4  | Gained mutation: You passively map a small area around you. [mutagenic meat]
 33072 | Snake:4  | Gained mutation: You are partially covered in iridescent scales. (AC +2) [mutagenic meat]
 33375 | Snake:4  | Reached skill level 15 in Dodging
 34011 | D:11     | Noticed Sonja
 34018 | D:11     | Killed Sonja
 34624 | D:12     | Noticed Josephine
 34635 | D:12     | Killed Josephine
 34656 | D:12     | Found a frozen archway.
 34665 | IceCv    | Entered an ice cave
 34773 | D:12     | Noticed HEYYEYAAE's ghost (journeyman TrBe)
 34785 | D:12     | Killed HEYYEYAAE's ghost
 34785 | D:12     | Reached skill level 21 in Long Blades
 35292 | D:13     | Found Qekusurch's Antique Weapon Shoppe.
 35637 | D:13     | Found Yqedawos's Weapon Boutique.
 35950 | D:14     | Noticed Urug
 35956 | D:14     | Killed Urug
 35975 | D:14     | Found a gate to the Vaults.
 36202 | D:14     | Received a gift from Trog
 36886 | D:15     | Entered Level 15 of the Dungeon
 36935 | D:15     | Reached XP level 17. HP: 156/156 MP: 16/16
 37403 | D:15     | Found a staircase to the Depths.
 37536 | D:15     | Reached ****** piety under Trog
 38225 | Swamp:1  | Entered Level 1 of the Swamp
 38259 | Swamp:1  | Reached skill level 22 in Long Blades
 39006 | Swamp:2  | Noticed Klosterheim's ghost (adept OgMo)
 39025 | Swamp:2  | Killed Klosterheim's ghost
 39123 | Swamp:2  | Gained mutation: You are clumsy. (Dex -2) [potion of mutation]
 39123 | Swamp:2  | Gained mutation: You have a somewhat thin skeletal structure. (Dex +2, Stealth) [potion of mutation]
 39123 | Swamp:2  | Gained mutation: You are frail. (-10% HP) [potion of mutation]
 39124 | Swamp:2  | Gained mutation: You have large cloven feet. [potion of mutation]
 39124 | Swamp:2  | Lost mutation: You are clumsy. (Dex -2) [potion of mutation]
 39124 | Swamp:2  | Gained mutation: You are weak. (Str -2) [potion of mutation]
 39125 | Swamp:2  | Lost mutation: You are weak. (Str -2) [potion of cure mutation]
 39125 | Swamp:2  | Lost mutation: You have large cloven feet. [potion of cure mutation]
 39125 | Swamp:2  | Lost mutation: You passively map a small area around you. [potion of cure mutation]
 39125 | Swamp:2  | Lost mutation: You are frail. (-10% HP) [potion of cure mutation]
 39251 | Swamp:2  | Received a gift from Trog
 39845 | Swamp:2  | Identified a scroll of acquirement
 40070 | Swamp:3  | Noticed Kirke
 40086 | Swamp:3  | Killed Kirke
 40618 | Swamp:3  | Noticed Louise
 40620 | Swamp:3  | Killed Louise
 40620 | Swamp:3  | Reached skill level 23 in Long Blades
 40940 | Swamp:3  | Got a twisted hat
 40946 | Swamp:3  | Identified the +0 hat "Riligoro" {rN+ Int+4} (You acquired it on level 3 of the Swamp)
 41081 | Swamp:3  | Noticed Nikola
 41086 | Swamp:3  | Killed Nikola
 41721 | Swamp:4  | Entered Level 4 of the Swamp
 41983 | Swamp:4  | Received a gift from Trog
 42451 | Swamp:4  | Reached XP level 18. HP: 128/163 MP: 17/17
 42592 | Swamp:4  | Noticed the 27-headed Lernaean hydra
 42618 | Swamp:4  | Killed the 27-headed Lernaean hydra
 42988 | Swamp:4  | Got a decaying rune of Zot
 43543 | Lair:1   | Reached skill level 24 in Long Blades
 43659 | Vaults:1 | Entered Level 1 of the Vaults
 43876 | Vaults:1 | Received a gift from Trog
 44429 | Vaults:1 | Found Deczennol's Gadget Emporium.
 45342 | Vaults:1 | Received a gift from Trog
 45608 | Vaults:2 | Noticed Frederick
 45733 | Vaults:2 | Killed Frederick
 46221 | Vaults:2 | Noticed Jory
 46226 | Vaults:2 | Noticed Bai Suzhen
 46229 | Vaults:2 | Killed Jory
 46229 | Vaults:2 | Reached XP level 19. HP: 180/180 MP: 18/18
 46233 | Vaults:2 | Killed Bai Suzhen
 46529 | Vaults:2 | Received a gift from Trog
 47323 | Vaults:3 | Found a ruined gateway.
 47455 | Desolati | Entered the Desolation of Salt
 47643 | Desolati | Got a smoking jade ring
 47645 | Desolati | Identified the ring "Faop" {MP+9 Str+3 Int+3} (You found it in the Desolation of Salt)
 47651 | Desolati | Got a fine lead ring
 47652 | Desolati | Identified the ring "Lamnupp" {rCorr rPois rC+ Str-5 Slay+3} (You found it in the Desolation of Salt)
 47667 | Desolati | Identified the amulet of Jilaf {Faith Dex+2} (You found it in the Desolation of Salt)
 48081 | Desolati | Received a gift from Trog
 48220 | Desolati | Got a warped marble ring
 48226 | Desolati | Identified the ring of Yttif {rPois Dex+2} (You took it off a ragged hierophant in the Desolation of Salt)
 48276 | Desolati | Identified the Reference Book on Orientation and Arcane Weapons
 48292 | Desolati | Got a coiled ruby amulet
 48301 | Desolati | Got heavily runed steam dragon scales
 48312 | Desolati | Identified the +4 steam dragon scales of the Dwarven Hall {-Tele rElec rPois MP-9} (You found it in the Desolation of Salt)
 48508 | Desolati | Identified Ylomaogg's Incunabulum of the Compass
 48521 | Desolati | Got a bloodstained great sword
 48538 | Desolati | Got a crude crystal amulet
 49303 | Vaults:3 | Found a staircase to the Crypt.
 49303 | Vaults:3 | Found an ancient bone altar of Kikubaaqudgha.
 49303 | Vaults:3 | Found a basalt altar of Yredelemnul.
 49400 | Vaults:3 | Received a gift from Trog
 49426 | Vaults:3 | Got a warped great sword {god gift}
 49670 | Vaults:3 | Got a faintly humming cloak
 49676 | Vaults:3 | Identified the +3 cloak of Democracy {SInv} (You found it on level 3 of the Vaults)
 49769 | Vaults:3 | Gained mutation: Your spells are a little easier to cast, but a little less powerful. [a shining eye]
 49773 | Vaults:3 | Reached XP level 20. HP: 193/193 MP: 19/19
 50513 | Vaults:3 | Received a gift from Trog
 50878 | Vaults:4 | Received a gift from Trog
 51423 | Vaults:4 | Paralysed by a floating eye for 3 turns
 51500 | Vaults:4 | Identified the +7 great sword of Wounding {protect, *Corrode +Inv rElec} (Trog gifted it to you on level 3 of the Vaults)
 51797 | Vaults:4 | Lost intelligence.
 52290 | Vaults:4 | Found Conn's Gadget Boutique.
 52299 | Vaults:4 | Identified the +3 great sword "Mucvov" {slice, rF+ Int+2} (You found it in the Desolation of Salt)
 52419 | Vaults:4 | Found Pithrehe's Assorted Antiques.
 52491 | Vaults:4 | Found Roopunar's General Store.
 52499 | Vaults:4 | Bought a scroll of identify for 46 gold pieces
 52499 | Vaults:4 | Identified the amulet of the Swan {Faith +Blink rC+ Dex+2} (You found it in the Desolation of Salt)
 52716 | Vaults:4 | Identified the amulet of Qerhuq {Inacc rC+ rN+ Dex+2} (You found it in the Desolation of Salt)
 52810 | Vaults:5 | Entered Level 5 of the Vaults
 52947 | Vaults:4 | Received a gift from Trog
 53355 | Vaults:5 | Noticed a golden dragon
 53369 | Vaults:5 | Killed a golden dragon
 53369 | Vaults:5 | Reached XP level 21. HP: 85/201 MP: 20/20
 55683 | Vaults:5 | Noticed a golden dragon
 55736 | Vaults:5 | Killed from afar by a fire giant

Vault maps used:
D:1:      ldierk_walled_garden, minmay_pentomino_o2
D:2:      minmay_lizard_pond
D:3:      nicolae_tso_carved_into_rock, first_bread, nemelex_spade_bored_becter
D:4:      nicolae_overflow_hidden_temple, minmay_temple_entry_statues_pillars
D:5:      basic_altar, grunt_ministairs_1
D:7:      uniq_duvessa, uniq_pikel
D:8:      serial_shops, shop, grunt_ogre_cave, uniq_joseph, uniq_gastronok,
          uniq_maurice
D:9:      chequers_temple_overflow_statue_of_worship, lemuel_round_altar,
          erik_lair_orcish_takeover, zombieorc1_lemuel, basic_altar, uniq_grum
D:10:     serial_shops, nicolae_shop_competitors_out_of_business,
          fedhas_altar_1, uniq_erolcha
D:11:     serial_shops, shop, uniq_sonja
D:12:     portal_ice_cave_entry_pillars_2, uniq_josephine
D:13:     serial_shops, shop, shop
D:14:     erik_vaults_1, serial_co_window_serial, co_window_of_opportunity_a,
          co_window_corner_a, co_window_paths_a, co_window_corner_a,
          co_window_paths_b, co_window_of_opportunity_c,
          co_window_unsneaky_path_b, co_window_paths_c, co_window_cross_4,
          co_window_of_opportunity_b, co_window_paths_e, co_window_4corner_a,
          bh_circular_ruins, uniq_urug
D:15:     hangedman_depths_entry_try_elsewhere_first, hangedman_decor_points,
          kennysheep_four_rooms
Lair:1:   hibernation_bobbens, uniq_erica
Lair:2:   wad_woods_settlement, beast_lair_carwin_4
Lair:3:   nicolae_swamp_entry_splash_gauntlet
Lair:4:   dummy_snake_entry, grunt_forest_small_clearings, minivault_11,
          nicolae_quartered_pool_little, lemuel_fruit_tree, lemuel_fruit_fields,
          grunt_megastairs_3
Lair:5:   cheibrodos_magma_flow, minmay_holes
Lair:6:   due_jungle_book, slime_altar_2
Swamp:1:  evilmike_swamp_ruin_rubble_1
Swamp:2:  infiniplex_staircase_pool_2
Swamp:3:  serial_swamp_ruin, evilmike_swamp_ruin_house_4,
          evilmike_swamp_ruin_house_1, evilmike_swamp_ruin_wall, uniq_nikola,
          uniq_louise, uniq_kirke
Swamp:4:  swamp_old_school, swamp_pool4, hangedman_swamp_diagram
Snake:1:  uniq_aizul
Snake:2:  basic_loot_grate_trap, serial_bayou_shore_a, uniq_vashnia
Snake:3:  basic_altar, serial_shops, shop, shop, shop,
          nicolae_shop_window_shopping, uniq_donald
Snake:4:  minmay_snake_end_coiled, corexii_hall_statues_u
Orc:2:    grunt_orc_community_town_hall, grunt_orc_community_big_house_2,
          grunt_orc_community_big_house_1, grunt_orc_community_house_1,
          grunt_orc_community_house_2, grunt_orc_community_house_1,
          grunt_orc_community_house_3, grunt_orc_community_house_3,
          grunt_orc_community_house_3
Vaults:1: vaults_room_hallway, hangedman_vaults_cutoff, v_alt_pattern_5,
          v_misc_28, ontoclasm_vaults_chip, nicolae_vaults_little_squares_4,
          vaults_room_ringed_pool, grunt_vaults_focal, vaults_room_door_ring,
          vaults_room_boxed, vaults_standard_mumra_lines,
          nicolae_vaults_little_squares_6, serial_shops, shop
Vaults:2: grunt_vaults_swirl, grunt_vaults_hallway_short,
          hangedman_vaults_capsules, ontoclasm_vaults_ring_large, v_pattern_1,
          v_misc_26, nicolae_vaults_circle_grid_a, v_misc_11, v_misc_19,
          ontoclasm_vaults_loading_screen, ontoclasm_vaults_gateway,
          nicolae_vaults_angled_halls, ontoclasm_vaults_twist, vaults_room_pool,
          uniq_bai_suzhen, uniq_frederick, uniq_jory
Vaults:3: vaults_room_pools, v_misc_11, v_misc_3, hangedman_vaults_slice,
          v_misc_18, hangedman_vaults_hat, vaults_mumra_hex, v_misc_24,
          ontoclasm_vaults_claustrophobia, ontoclasm_vaults_ligature,
          minmay_crypt_entry_necro_gods, portal_desolation_entry_salt
Vaults:4: grunt_vaults_twisty, hangedman_vaults_slice,
          vaults_standard_mumra_enter_the_diamond, hangedman_vaults_restitches,
          nicolae_vaults_mini_display_case, stair_cage_open, vaults_room_fours,
          v_misc_23, ontoclasm_vaults_shuriken, serial_shops, shop,
          nicolae_shop_competitors_out_of_business, shop
IceCv:    ice_cave_statue_garden_teleport

Skill      XL: |  1  2  3  4  5  6  7  8  9 10 11 12 13 14 15 16 17 18 19 20 21 |
---------------+----------------------------------------------------------------+-----
Long Blades    | 4 5 7 8 9 10 14 17 18 19 21 23 24 | 24.0
Armour         | 6 10 11 12 13 14 17 18 21 22 | 22.0
Fighting       | 10 11 12 13 15 18 20 22 | 22.7
Dodging        | 9 11 13 14 15 17 18 19 | 19.0

Action                   |  1- 3 |  4- 6 |  7- 9 | 10-12 | 13-15 | 16-18 | 19-21 || total
-------------------------+-------+-------+-------+-------+-------+-------+-------++-------
Melee: Falchion          |    72 |    85 |    10 |       |       |       |       ||   167
       Headbutt          |    12 |    30 |    64 |   228 |   247 |   400 |   467 ||  1448
       Long sword        |       |       |   258 |   431 |       |       |       ||   689
       Scimitar          |       |       |       |   227 |       |       |       ||   227
       Triple sword      |       |       |       |    68 |   682 |  1321 |  1162 ||  3233
       Great sword       |       |       |       |       |   159 |       |       ||   159
Throw: Javelin           |       |       |       |    10 |     4 |       |     6 ||    20
Invok: Berserk           |       |     1 |     5 |     8 |    13 |     6 |    12 ||    45
       Brothers in Arms  |       |       |       |     2 |    16 |    11 |    22 ||    51
       Burn Spellbooks   |       |       |       |       |     3 |     7 |     3 ||    13
       Trog's Hand       |       |       |       |       |       |       |     1 ||     1
Evoke: Wand              |       |       |       |       |     3 |     2 |     1 ||     6
  Use: Scroll            |       |       |       |    15 |    13 |    17 |    11 ||    56
       Potion            |       |       |       |     2 |       |     6 |    15 ||    23
 Stab: Distracted        |       |       |       |       |     3 |     2 |     5 ||    10
  Eat: Chunk             |     1 |     5 |    13 |    18 |    15 |    59 |    49 ||   160
       Fruit             |       |       |     6 |    12 |    15 |     3 |       ||    36
       Royal jelly       |       |       |       |     3 |       |     2 |       ||     5
       Bread ration      |       |       |       |     2 |     8 |     2 |       ||    12
       Meat ration       |       |       |       |       |       |     1 |     2 ||     3
Armor: Leather armour    |    11 |       |       |       |       |       |       ||    11
       Ring mail         |     6 |     7 |       |       |       |       |       ||    13
       Scale mail        |       |    21 |    12 |       |       |       |       ||    33
       Chain mail        |       |       |   114 |     9 |       |       |       ||   123
       Plate armour      |       |       |       |   321 |   556 |   928 |   510 ||  2315
       Steam dragon scal |       |       |       |       |       |       |    21 ||    21
Dodge: Dodged            |    62 |    40 |    81 |   374 |   674 |  1267 |   925 ||  3423
       Rpst.: Falchion   |    20 |    10 |       |       |       |       |       ||    30
       Long sword        |       |       |    22 |    45 |       |       |       ||    67
       Scimitar          |       |       |       |    26 |       |       |       ||    26
       Triple sword      |       |       |       |    17 |   105 |   189 |   208 ||   519
       Great sword       |       |       |       |       |    19 |       |       ||    19
